 Dungeon Crawl Stone Soup version 0.28.0 (webtiles) character file.

Game seed: 4189267951097772791

19702 Hasart the Martial Artist (level 12, -3/97 HPs)
             Began as an Octopode Transmuter on Feb 16, 2022.
             Was an Initiate of Gozag.
             Slain by a two-headed ogre (23 damage)
             ... on level 1 of the Orcish Mines.
             The game lasted 00:34:16 (13857 turns).

Hasart the Martial Artist (Octopode Transmuter)    Turns: 13857, Time: 00:34:23

Health: -3/97      AC:  9    Str: 20    XL:     12   Next: 71%
Magic:  3/13       EV: 12    Int: 20    God:    Gozag
Gold:   2195       SH:  0    Dex: 12    Spells: 11/25 levels left

rFire   + . .      SeeInvis +     - Unarmed
rCold   + + +      Faith    .   (shield currently unavailable)
rNeg    . . .      Spirit   .   (helmet currently unavailable)
rPois   +          Reflect  .   y - amulet of regeneration
rElec   .          Harm     .   g - ring of Pride {Fly Will+}
rCorr   .          Rampage  .   j - ring of the Pariah {MP-9 Str+10 SInv Stlth+}
Will    ++...                   s - ring of willpower
Stlth   ++........              c - ring of protection from fire
HPRegen 1.06/turn               A - ring of protection from fire
MPRegen 0.13/turn               (no ring)
                                (no ring)
                                (no ring)

@: ice-form, gold aura, flying
A: freezing attack, boosted hp, almost no armour, amphibious, 8 rings, large,
(camouflage 1), (gelatinous body 1), (nimble swimmer 1), (tentacles)
a: End Transformation, Renounce Religion, Potion Petition, Call Merchant, Bribe
Branch


You were on level 1 of the Orcish Mines.
You worshipped Gozag.
Gozag was most pleased with you.
You were a creature of crystalline ice.
You visited 3 branches of the dungeon, and saw 14 of its levels.
You also visited: Sewer and Ossuary.

You collected 2662 gold pieces.
You spent 420 gold pieces at shops.
You paid 47 gold pieces to Gozag.

Inventory:

Missiles
 h - a throwing net
 i - 4 javelins
 x - 2 curare-tipped darts
Jewellery
 c - a ring of protection from fire (on tentacle)
 g - the ring of Pride (left front paw) {Fly Will+}
   (You found it on level 2 of the Dungeon)

   [ring of flight]

   Fly:       It grants you flight.
   Will:      It increases your willpower.
 j - the ring of the Pariah (right front paw) {MP-9 Str+10 SInv Stlth+}
   (You found it on level 2 of the Dungeon)

   [ring of see invisible]

   Str:       It affects your strength (+10).
   MP:        It affects your magic capacity (-9).
   SInv:      It lets you see invisible.
   Stlth:     It makes you more stealthy.
 s - a ring of willpower (on tentacle)
 y - an amulet of regeneration (around neck)
 A - a ring of protection from fire (on tentacle)
Wands
 e - a wand of iceblast (5)
 t - a wand of flame (37)
 z - a wand of digging (7)
 F - a wand of polymorph (9)
 G - a wand of acid (11)
Scrolls
 a - 2 scrolls of identify
 d - 3 scrolls of teleportation
 f - 2 scrolls of summoning {unknown}
 k - 2 scrolls of amnesia
 l - 2 scrolls of blinking
 p - a scroll of magic mapping
 r - a scroll of immolation {unknown}
 v - 2 scrolls of fog
 B - 2 scrolls of enchant armour
Potions
 b - a potion of might {unknown}
 m - 3 potions of brilliance
 n - 2 potions of mutation
 o - 3 potions of heal wounds
 q - a potion of haste
 u - 3 potions of ambrosia
 w - 5 potions of curing
 D - 2 potions of cancellation
 E - 2 potions of attraction


   Skills:
 + Level 7.5 Fighting
 + Level 5.2 Throwing
 + Level 7.7 Dodging
 * Level 11.1 Unarmed Combat
 + Level 7.2 Spellcasting
 + Level 7.8 Transmutations
 * Level 7.5 Ice Magic
 + Level 10.0 Poison Magic


You had 11 spell levels left.
You knew the following spells:

 Your Spells              Type           Power      Damage    Failure   Level
a - Beastly Appendage     Tmut           76%        N/A       1%          1
b - Wereblood             Tmut           38%        N/A       1%          2
c - Spider Form           Tmut/Pois      43%        N/A       1%          3
d - Ice Form              Ice/Tmut       38%        N/A       3%          4
z - Olgreb's Toxic Radia  Pois           47%        N/A       1%          4

Your spell library contained the following spells:

 Spells                   Type           Power      Damage    Failure   Level
 Sting                    Tmut/Pois      100%       1d8       1%          1
 Poisonous Vapours        Pois/Air       54%        N/A       1%          2
 Ensorcelled Hibernation  Hex/Ice        44%        N/A       3%          2
 Corpse Rot               Necr/Air       14%        N/A       14%         2
 Dazzling Flash           Conj/Hex       14%        N/A       28%         3
 Airstrike                Air            3%         N/A       67%         4
 Anguish                  Hex/Necr       3%         N/A       67%         4
 Dispel Undead            Necr           7%         3d8       67%         4
 Summon Lightning Spire   Summ/Air       7%         N/A       67%         4
 Agony                    Necr           7%         N/A       95%         5
 Lightning Bolt           Conj/Air       3%         1d15      95%         5
 Silence                  Hex/Air        3%         N/A       95%         5
 Death Channel            Necr           3%         N/A       100%        6


Dungeon Overview and Level Annotations

Branches:
Dungeon (11/15)            Temple (1/1) D:4            Lair (0/6) D:8
    Orc (2/2) D:10          Sewer (visited)         Ossuary (visited)
    Elf: Orc:2

Altars:
Ashenzari
Dithmenos
Fedhas
Gozag
Hepliaklqana
Nemelex Xobeh
Qazlal
Uskayaw
Xom

Shops:
D:1 =   D:4 =   D:5 (   D:8 [   D:9 =   Orc:1 *


Innate Abilities, Weirdness & Mutations

You are a creature of crystalline ice.
You have a powerful freezing melee attack.
Your maximum health is increased.
Your armour is entirely melded.
You are incapable of wielding weapons or throwing items.
You cannot wear most types of armour.
You are amphibious.
You can wear up to eight rings at the same time.
((Your skin changes colour to match your surroundings (Stealth+).))
((Your rubbery body absorbs attacks. (AC +1, EV +1)))
((You are camouflaged when in or above water. (Stealth+)))
((You have tentacles for arms and can constrict up to eight enemies at once.))


Message History

Unknown command.
Casting: Olgreb's Toxic Radiance (dangerous; 1% risk of failure)
Confirm with . or Enter, or press ? or * to list all spells.
You turn into a creature of crystalline ice.
The two-headed ogre is poisoned.
Your toxic aura wanes.
Things that are here:
12 gold pieces; a +0 giant spiked club
Casting: Ice Form (dangerous; 3% risk of failure)
Confirm with . or Enter, or press ? or * to list all spells.
You begin to radiate toxic energy.
The two-headed ogre looks even sicker.
The two-headed ogre looks as sick as possible!
The ogre looks as sick as possible!
The two-headed ogre looks even sicker.
The two-headed ogre is distracted by your dazzling golden aura.
Unknown command.
The two-headed ogre is no longer distracted by gold.
The two-headed ogre looks as sick as possible!
Your toxic aura wanes.
You kill the ogre!
You see here a +0 short sword.
Things that are here:
a +0 plate armour; a +0 long sword
There is a stone staircase leading up, spattered with blood here.
The two-headed ogre hits you with a +0 giant club!
The two-headed ogre hits you with a +0 giant club!!
You fly upwards.
There is a stone staircase leading down here.
You completely miss the two-headed ogre.
The two-headed ogre is severely wounded.
The two-headed ogre barely misses you.
The two-headed ogre hits you with a +0 giant club.
You hit the two-headed ogre. You freeze the two-headed ogre.
The two-headed ogre is almost dead.
You hit the two-headed ogre. You freeze the two-headed ogre.
The two-headed ogre is almost dead.
The two-headed ogre hits you with a +0 giant club!!
* * * LOW HITPOINT WARNING * * *
The two-headed ogre hits you with a +0 giant club!!
You die...
Your body crumbles into a pile of gold.

............>...........##.#....#
.................................
.................................
....##.........#..........#..#...
..............................#..
..................#.#........#...
.................................
........#......)O..............>.
.......#........Y.............#).
#................................
#.............)......)...........
##..#.....[................[.....
#####............(#........#.##.
###.........[.#.[..^........
##.......#........).......
##.....#........)........
##......##................


You could see a two-headed ogre (very poisoned).

Vanquished Creatures
  An ogre mage (Orc:2)
  5 two-headed ogres
  A deep troll (Orc:1)
  A deep elf pyromancer (D:10)
  3 cyclopes
  A kobold demonologist (D:9)
  A komodo dragon (D:10)
  6 trolls
  A hornet (D:7)
  A meliai zombie (D:10)
  A centaur simulacrum (D:10)
  A vampire (D:10)
  4 wyverns
  A wraith (D:10)
  3 yaks (D:9)
  A basilisk (D:8)
  Eustachio (D:7)
  2 steam dragons (D:6)
  A warg (D:10)
  4 water moccasins
  Duvessa (D:4)
  15 orc warriors
  3 black bears
  An ice beast (D:6)
  A sky beast (D:7)
  A hornet zombie (D:6)
  A necrophage (D:8)
  7 centaurs
  2 wolves (D:8)
  14 ogres
  2 kobold brigands
  Blork the orc (D:4)
  2 bullfrogs (D:7)
  3 scorpions (D:5)
  A wyvern skeleton (D:7)
  Dowan (D:4)
  18 killer bees
  7 wights
  A howler monkey (D:6)
  7 centaur zombies
  7 orc priests
  3 bullfrog zombies
  2 hounds (D:5)
  A jelly (D:6)
  A bullfrog skeleton (D:5)
  A gnoll shaman (D:5)
  Jessica (D:3)
  2 centaur skeletons
  Natasha (thrice) (D:3)
  19 orc wizards
  An iguana (D:6)
  2 killer bee zombies
  A hound skeleton (D:4)
  3 mummies (Ossuary)
  2 howler monkey zombies
  5 gnolls (D:5)
  8 adders
  A river rat (Sewer)
  3 worms
  6 dart slugs
  56 orcs
  3 bats
  3 endoplasms
  7 giant cockroaches
  3 goblins
  6 hobgoblins
  5 jackals
  6 quokkas
  8 ball pythons
  6 frilled lizards
  A jackal zombie (D:4)
  14 kobolds
  11 rats
330 creatures vanquished.

Vanquished Creatures (others)
  A fungus (D:8)
  16 plants (D:8)
  5 withered plants (Ossuary)
22 creatures vanquished.

Grand Total: 352 creatures vanquished

Notes
Turn   | Place    | Note
-------+----------+-------------------------------------------
     0 | D:1      | Hasart the Octopode Transmuter began the quest for the Orb.
     0 | D:1      | Reached XP level 1. HP: 13/13 MP: 3/3
   181 | D:1      | Found a faded altar of an unknown god.
   194 | D:1      | Reached XP level 2. HP: 10/18 MP: 5/5
   328 | D:1      | Learned a level 2 spell: Wereblood
   389 | D:1      | Found Fuxkur's Jewellery Boutique.
   541 | D:1      | Reached XP level 3. HP: 23/23 MP: 6/6
   668 | D:1      | Learned a level 3 spell: Spider Form
   951 | D:2      | Noticed a black bear
   978 | D:2      | Killed a black bear
   979 | D:2      | Reached skill level 1 in Poison Magic
   979 | D:2      | Reached XP level 4. HP: 15/29 MP: 3/7
   979 | D:2      | Reached XP level 5. HP: 17/34 MP: 3/8
  1305 | D:2      | Identified the ring of Pride {Fly Will+}
  1633 | D:2      | Found a shimmering altar of Xom.
  1646 | D:2      | Identified the ring of the Pariah {MP-9 Str+10 SInv Stlth+}
  2024 | D:3      | Noticed Jessica
  2032 | D:3      | Killed Jessica
  2033 | D:3      | Reached skill level 4 in Unarmed Combat
  2043 | D:3      | Identified the +3 spear of Karma {vorpal, Dex+3}
  2282 | D:3      | Noticed Natasha
  2290 | D:3      | Killed Natasha
  2292 | D:3      | Noticed Natasha
  2298 | D:3      | Killed Natasha
  2299 | D:3      | Reached XP level 6. HP: 18/39 MP: 6/10
  2369 | D:3      | Found a glowing drain.
  2402 | Sewer    | Entered a sewer
  3378 | D:3      | Noticed Natasha
  3390 | D:3      | Killed Natasha
  3544 | D:4      | Noticed Eustachio
  3604 | D:4      | Found a staircase to the Ecumenical Temple.
  3610 | Temple   | Entered the Ecumenical Temple
  3801 | Temple   | Became a worshipper of Gozag Ym Sagoz the Greedy
  3832 | D:4      | Found a sand-covered staircase.
  3845 | Ossuary  | Entered an ossuary
  3930 | Ossuary  | Reached XP level 7. HP: 23/45 MP: 2/11
  3939 | Ossuary  | HP: 1/45 [bullfrog zombie (3)]
  3947 | Ossuary  | Reached skill level 5 in Fighting
  3947 | Ossuary  | Reached skill level 5 in Dodging
  3947 | Ossuary  | Reached skill level 8 in Unarmed Combat
  3947 | Ossuary  | Reached skill level 5 in Spellcasting
  3947 | Ossuary  | Reached skill level 5 in Transmutations
  3947 | Ossuary  | Reached XP level 8. HP: 2/55 MP: 2/15
  3988 | D:4      | Learned a level 4 spell: Ice Form
  3988 | D:4      | Reached skill level 9 in Unarmed Combat
  3988 | D:4      | Reached XP level 9. HP: 11/62 MP: 6/18
  4360 | D:4      | Learned a level 4 spell: Olgreb's Toxic Radiance
  4362 | D:4      | Found Qojir's Jewellery Boutique.
  4546 | D:4      | Noticed Blork the orc
  4553 | D:4      | Killed Blork the orc
  4811 | D:4      | Noticed Duvessa
  4817 | D:4      | Noticed Dowan
  4820 | D:4      | Killed Dowan
  4822 | D:4      | Killed Duvessa
  5267 | D:5      | Entered Level 5 of the Dungeon
  6116 | D:5      | Found Ackotaf's Firing Range.
  6432 | D:1      | Bought an amulet of regeneration for 420 gold pieces
  6939 | D:6      | Reached XP level 10. HP: 68/68 MP: 5/19
  7730 | D:6      | Found a broken altar of Ashenzari.
  8128 | D:7      | Killed Eustachio
  9043 | D:7      | Reached skill level 5 in Ice Magic
  9212 | D:8      | Found a staircase to the Lair.
  9250 | D:8      | Reached XP level 11. HP: 74/74 MP: 6/20
  9819 | D:8      | Found Cufeomadd's Antique Armour Shop.
  9932 | D:9      | Found the +5 sword of Power {vorpal}
  9946 | D:9      | Reached skill level 10 in Unarmed Combat
 10520 | D:9      | Found Gekh's Jewellery Shoppe.
 10845 | D:10     | Entered Level 10 of the Dungeon
 10845 | D:10     | Noticed a deep elf pyromancer
 10921 | D:10     | Noticed a two-headed ogre
 10975 | D:9      | Killed a two-headed ogre
 11106 | D:10     | Killed a deep elf pyromancer
 11637 | D:10     | Found a staircase to the Orcish Mines.
 11925 | D:10     | Identified the +8 scythe of Cocytus {holy, rPois Int+2
                  | Stlth-}
 12027 | Orc:1    | Entered Level 1 of the Orcish Mines
 12027 | Orc:1    | Found Bary's Assorted Antiques.
 12096 | Orc:1    | Noticed a cyclops
 12107 | Orc:1    | Killed a cyclops
 12263 | Orc:1    | Reached XP level 12. HP: 71/81 MP: 13/22
 12673 | Orc:2    | Entered Level 2 of the Orcish Mines
 12784 | Orc:2    | Noticed an ogre mage
 12799 | Orc:2    | Killed an ogre mage
 12799 | Orc:2    | Noticed a two-headed ogre
 12800 | Orc:2    | Noticed a two-headed ogre
 12801 | Orc:2    | Noticed a two-headed ogre
 12812 | Orc:2    | Noticed a two-headed ogre
 12820 | Orc:1    | Killed a two-headed ogre
 13022 | Orc:2    | Reached skill level 5 in Throwing
 13026 | Orc:2    | Noticed a two-headed ogre
 13227 | Orc:1    | Killed a two-headed ogre
 13228 | Orc:1    | Reached skill level 11 in Unarmed Combat
 13237 | Orc:1    | Killed a two-headed ogre
 13493 | Orc:1    | Killed a two-headed ogre
 13494 | Orc:1    | Reached skill level 10 in Poison Magic
 13840 | Orc:2    | Noticed a two-headed ogre
 13857 | Orc:1    | Slain by a two-headed ogre

Illustrated notes

Levels and vault maps discovered:
D:1:      scummos_arrival_gate, layout_rooms,
          ebering_ecumenical_altar_petrified, serial_shops,
          nicolae_shop_hallway_plus, minmay_pentomino_s2
D:2:      layout_basic, basic_altar, chequers_serial_rivers_room_b
D:3:      layout_basic, cheibrodos_sewer_entry_bend, chequers_avenue,
          kennysheep_minor_cross, supply_closet_lemuel, uniq_natasha,
          uniq_jessica
D:4:      layout_loops_corners, minmay_temple_entry_overgrown, serial_shops,
          shop_statue, enter_ossuary_3, uniq_eustachio, uniq_duvessa,
          uniq_blork_the_orc
D:5:      layout_cave_pods, roderic_three_in_a_row, nicolae_shop_firing_range
D:6:      layout_layer_cave, kennysheep_mini_moat, serial_undead,
          serial_undead_b, serial_undead_b, serial_undead_f, serial_undead_b,
          st_stairs_12
D:7:      layout_basic
D:8:      layout_loops_cross, minmay_lair_entry_grove, serial_shops, shop_statue
D:9:      layout_basic, serial_shops, shop
D:10:     layout_irregular_city, david_orc_3, hangedman_weighted_door
D:11:     wad_woods_minihive, layout_loops_ring, uniq_nergalle
Temple:   roderic_octagonal_lattice_temple
Orc:1:    layout_caves, serial_shops, shop
Orc:2:    st_orc_open, layout_diamond_mine, nicolae_orc_bridge_out

Skill      XL: |  1  2  3  4  5  6  7  8  9 10 11 12 |
---------------+-------------------------------------+-----
Poison Magic   | 1 2 3 8 9 10 | 10.0
Fighting       | 2 5 6 7 |  7.5
Unarmed Combat | 4 8 9 10 11 | 11.1
Dodging        | 3 5 6 7 |  7.7
Transmutations | 3 5 6 7 |  7.8
Spellcasting   | 3 5 6 7 |  7.2
Throwing       | 2 3 4 5 |  5.2
Ice Magic      | 4 5 6 7 |  7.5

Action                   |  1- 3 |  4- 6 |  7- 9 | 10-12 || total
-------------------------+-------+-------+-------+-------++-------
Melee: Unarmed           |    63 |   155 |   118 |   421 ||   757
       Constrict         |    13 |    32 |     9 |    10 ||    64
       Tentacles         |    10 |    25 |    16 |    13 ||    64
       Punch             |     2 |     4 |     2 |     4 ||    12
 Cast: Wereblood         |     1 |     2 |     4 |    12 ||    19
       Spider Form       |     1 |     7 |     3 |     2 ||    13
       Ice Form          |       |       |     7 |    41 ||    48
       Olgreb's Toxic Ra |       |       |     1 |    22 ||    23
  Use: Potion            |       |       |     3 |       ||     3
       Scroll            |       |       |       |    17 ||    17
 Stab: Sleeping          |     6 |     8 |     7 |     2 ||    23
       Distracted        |       |       |       |     7 ||     7
Armor: Skin              |    11 |     8 |     9 |   126 ||   154
Dodge: Dodged            |    42 |    98 |    87 |   294 ||   521
